Map: Blackburn LE

Players

Clem - Winner!

  • Race: Terran Terran

MarineLorD

  • Race: Terran Terran
  • League: Master

Event: DreamHack SC2 Masters 2021 Fall

VOD

Have the link to the VOD?

Description

Time

  • Played on: Aug. 10, 2021, 2:15 p.m.
  • Length: 13:18

All games in this series

Show
View Real Time Build Order
Export as new Build Order

Clem Terran - Winner!

Build Orders:  

Get SALT Encoding   

  12  0:00  SCV  
  13  0:12  SCV  
  14  0:17  Supply Depot  
  14  0:24  SCV  
  15  0:39  SCV  
  15  0:41  Barracks  
  16  0:45  Refinery  
  16  0:51  SCV  
  16  0:56  Refinery  
  17  1:03  SCV  
  18  1:15  SCV  
  19  1:28  Reaper, Orbital Command  
  20  1:33  Supply Depot  
  20  1:42  Factory  
  20  1:53  SCV  
  21  2:00  Reaper  
  22  2:05  SCV  
  23  2:17  Command Center  
  23  2:19  SCV  
  24  2:26  Hellion  
  26  2:31  SCV  
  26  2:33  Reaper  
  26  2:36  Supply Depot  
  28  2:43  SCV  
  29  2:47  Hellion  
  31  2:52  Starport  
  31  2:58  SCV  
  32  3:07  Barracks Tech Lab  
  32  3:09  Factory Tech Lab  
  32  3:10  SCV  
  33  3:17  Refinery  
  33  3:22  SCV  
  34  3:31  Orbital Command  
  34  3:33  Cyclone  
  37  3:34  SCV  
  37  3:38  Marine  
  39  3:43  Raven  
  39  3:46  SCV  
  39  3:48  Supply Depot  
  42  3:56  SCV  
  42  3:58  SCV  
  42  4:04  Barracks Reactor  
  42  4:08  SCV  
  42  4:09  Siege Tank  
  46  4:10  SCV  
  47  4:20  SCV  
  48  4:30  SCV  
  46  4:32  Command Center  
  46  4:33  SCV  
  46  4:34  Raven  
  49  4:39  Supply Depot  
  49  4:41  Marine x2  
  49  4:42  SCV  
  49  4:44  Siege Tank  
  55  4:48  SCV  
  56  4:54  SCV  
  56  4:56  Refinery  
  56  4:59  Marine x2  
  59  5:00  SCV  
  59  5:05  Supply Depot  
  59  5:06  SCV  
  61  5:12  SCV  
  62  5:16  Raven  
  62  5:18  SCV  
  62  5:19  Marine  
  62  5:20  Marine  
  67  5:24  Supply Depot, Siege Tank  
  67  5:26  SCV  
  71  5:30  SCV  
  72  5:36  Barracks  
  72  5:38  SCV, Barracks  
  72  5:39  Marine x2  
  72  5:42  SCV  
  76  5:43  Supply Depot  
  76  5:50  SCV  
  76  5:54  SCV  
  76  5:55  Engineering Bay  
  78  5:58  Engineering Bay  
  78  6:01  Siege Tank  
  78  6:02  SCV  
  82  6:06  SCV  
  82  6:08  Viking  
  82  6:09  Viking  
  87  6:13  Orbital Command  
  87  6:15  Marine, SCV  
  89  6:18  SCV  
  89  6:21  Supply Depot  
  90  6:26  Barracks Reactor x2  
  90  6:27  SCV  
  90  6:29  Barracks Tech Lab  
  90  6:30  SCV  
  92  6:33  Siege Tank  
  92  6:38  Marine  
  92  6:39  SCV, Viking  
  99  6:42  Viking  
  99  6:43  SCV  
  99  6:46  SCV, Supply Depot  
  102  6:47  Marine  
  102  6:51  SCV  
  103  6:55  SCV  
  103  6:56  Marine  
  103  6:58  SCV  
  104  7:02  Refinery, Stimpack  
  104  7:03  Refinery, Terran Infantry Weapons Level 1  
  104  7:04  Terran Infantry Armor Level 1  
  104  7:05  Marine  
  105  7:08  SCV  
  105  7:09  SCV  
  105  7:10  SCV  
  107  7:15  Supply Depot, Viking  
  107  7:19  Viking  
  107  7:20  SCV  
  107  7:21  SCV  
  113  7:24  Siege Tank  
  113  7:26  SCV  
  113  7:28  Marine x2  
  119  7:30  Marauder  
  119  7:33  Marauder  
  123  7:37  Supply Depot, SCV  
  123  7:38  SCV  
  123  7:39  SCV  
  126  7:46  Marine  
  126  7:49  Marine, SCV  
  121  7:51  Marine  
  121  7:56  Viking x2, Siege Tank  
  121  7:57  Marine  
  111  8:07  Command Center  
  111  8:08  Marine  
  111  8:09  Marine, Marauder  
  111  8:11  Combat Shield  
  115  8:18  Barracks  
  115  8:19  Barracks  
  115  8:21  Marauder  
  115  8:25  Armory  
  117  8:28  Medivac  
  117  8:29  Medivac  
  117  8:32  Marine x2  
  117  8:33  Marauder  
  125  8:34  SCV  
  125  8:36  SCV x2  
  125  8:39  Siege Tank  
  131  8:41  Supply Depot  
  131  8:45  Concussive Shells, Marauder  
  133  8:49  Supply Depot  
  133  8:51  Marine x2  
  133  8:54  Marauder  
  137  9:03  Sensor Tower  
  137  9:06  Barracks Reactor, SCV x2, Barracks Tech Lab, Marauder  
  137  9:07  Starport  
  137  9:09  SCV  
  142  9:12  Marine x2  
  142  9:16  Marauder  
  145  9:17  Siege Tank  
  145  9:20  Medivac x2  
  145  9:23  Refinery  
  151  9:24  SCV  
  151  9:25  Refinery, SCV  
  151  9:29  Orbital Command  
  151  9:30  SCV  
  154  9:33  Marine x2  
  154  9:35  Marauder  
  154  9:36  SCV  
  154  9:37  Marauder  
  159  9:39  Supply Depot  
  159  9:40  Terran Infantry Weapons Level 2  
  159  9:41  Supply Depot  
  159  9:44  SCV  
  160  9:47  SCV  
  160  9:48  Marine x2  
  160  9:49  Marauder  
  160  9:50  SCV  
  166  9:53  Starport Reactor  
  166  9:56  Viking, Marauder  
  166  9:57  Viking  
  171  10:01  Marauder  
  171  10:02  Marine  
  171  10:03  SCV  
  171  10:06  Marine  
  171  10:11  Marauder  
  171  10:13  Marine x2  
  167  10:15  Siege Tank  
  167  10:17  Marauder  
  167  10:19  Supply Depot  
  166  10:22  Command Center  
  166  10:24  Marine x2  
  166  10:26  Viking  
  170  10:32  Marauder  
  170  10:33  Viking x2  
  176  10:36  Viking  
  176  10:39  Supply Depot, Marauder, Terran Infantry Armor Level 2  
  176  10:40  Terran Vehicle And Ship Armor Level 1  
  180  10:42  Armory  
  180  10:45  Starport  
  179  10:57  Viking  
  179  11:03  Viking  
  183  11:04  Siege Tank  
  183  11:07  Marine x2, Marauder  
  183  11:08  Marine x2  
  183  11:09  Marauder x2  
  196  11:14  Missile Turret  
  196  11:18  Command Center  
  194  11:23  Missile Turret  
  194  11:24  Starport Reactor, Missile Turret  
  194  11:27  Fusion Core  
  194  11:29  Starport  
  194  11:34  Viking x2  
  194  11:37  Refinery x2  
  194  11:38  Missile Turret  
  198  11:43  Siege Tank  
  198  11:44  Liberator  
  198  11:45  Liberator  
  197  11:51  Marine  
  197  11:52  Marine, Marauder  
  197  11:53  Marauder x2  
  199  12:00  Marine x2  
  182  12:01  Liberator  
  182  12:03  Liberator  
  182  12:05  Liberator  
  191  12:12  Marine x2  
  191  12:14  Marauder x2  
  191  12:15  Siege Tank, Marauder  
  197  12:17  Liberator  
  197  12:19  Marine  
  197  12:20  Marine  
  180  12:28  Planetary Fortress  
  180  12:29  Marine  
  180  12:30  Marine  
  180  12:33  Liberator  
  180  12:35  Marauder  
  180  12:36  Marauder x2  
  183  12:37  Orbital Command  
  183  12:39  Starport Reactor  
  183  12:41  SCV x2  
  185  12:44  Missile Turret  
  197  12:52  Marine  
  197  12:53  Marine  
  197  12:58  Marine  
Show
View Real Time Build Order
Export as new Build Order

MarineLorD Terran 

Build Orders: Cyclone Opening, Mech 

Get SALT Encoding   

  12  0:00  SCV  
  13  0:12  SCV  
  14  0:17  Supply Depot  
  14  0:24  SCV  
  15  0:38  SCV  
  15  0:40  Barracks  
  16  0:43  Refinery  
  16  0:50  SCV  
  17  0:58  Refinery  
  17  1:02  SCV  
  18  1:14  SCV  
  19  1:26  Orbital Command  
  19  1:27  Reaper  
  19  1:28  Supply Depot  
  20  1:45  Factory  
  20  1:52  SCV  
  21  1:59  Reaper  
  22  2:04  SCV  
  23  2:16  SCV  
  23  2:21  Command Center  
  24  2:28  SCV, Hellion  
  27  2:32  Barracks Tech Lab  
  27  2:36  Supply Depot  
  27  2:40  SCV  
  28  2:51  Starport  
  28  2:52  SCV  
  28  2:58  Cyclone  
  28  3:05  SCV  
  32  3:08  Barracks Tech Lab  
  32  3:18  SCV  
  33  3:24  Supply Depot  
  33  3:30  SCV, Cyclone  
  37  3:42  Refinery  
  37  3:43  SCV  
  35  3:56  SCV  
  35  3:58  Raven, Orbital Command  
  38  4:11  Siege Tank  
  38  4:12  SCV  
  42  4:24  SCV x2  
  40  4:34  Command Center  
  40  4:36  SCV x2  
  42  4:40  Raven  
  44  4:47  Barracks Reactor  
  44  4:48  SCV x2  
  44  4:50  Refinery  
  46  4:58  Siege Tank  
  49  5:00  SCV  
  49  5:01  SCV  
  49  5:03  Supply Depot  
  51  5:12  SCV  
  51  5:13  SCV, Factory  
  53  5:24  SCV  
  53  5:25  Supply Depot, Engineering Bay, SCV  
  55  5:32  Viking x2  
  59  5:36  SCV  
  59  5:37  SCV  
  59  5:42  Siege Tank  
  64  5:46  Supply Depot  
  64  5:48  SCV, Orbital Command  
  65  5:51  SCV  
  66  6:00  SCV  
  66  6:03  Viking, SCV  
  66  6:04  Viking  
  72  6:08  Siege Tank  
  75  6:15  SCV  
  75  6:16  Siege Tank  
  75  6:17  Orbital Command  
  79  6:21  SCV  
  80  6:27  SCV  
  81  6:33  SCV  
  81  6:37  Refinery, Viking  
  81  6:38  Viking  
  81  6:39  SCV  
  87  6:40  Refinery  
  87  6:44  SCV  
  87  6:45  SCV  
  89  6:47  Missile Turret  
  89  6:52  SCV  
  90  6:56  SCV  
  90  6:57  SCV  
  90  7:00  Siege Tank x2  
  98  7:04  SCV  
  98  7:08  SCV  
  100  7:10  SCV  
  101  7:18  Supply Depot  
  101  7:20  Viking x2, SCV x2  
  101  7:22  SCV, Supply Depot x2  
  108  7:32  Factory  
  108  7:33  SCV, Factory  
  108  7:34  Factory  
  109  7:38  Missile Turret  
  109  7:40  SCV x2  
  111  7:45  SCV  
  94  7:52  SCV x2  
  94  7:53  Viking x2  
  94  7:56  Siege Tank x2  
  94  7:57  SCV  
  104  8:04  SCV x2  
  106  8:09  Supply Depot, SCV  
  106  8:10  Armory x2  
  107  8:16  SCV, Factory Reactor  
  108  8:20  Factory Tech Lab  
  108  8:21  Sensor Tower, Factory Reactor  
  108  8:28  Missile Turret  
  108  8:29  Hellion x2  
  108  8:33  SCV x2  
  114  8:37  SCV  
  114  8:39  Hellion  
  117  8:47  Viking x2  
  121  8:48  Sensor Tower  
  121  8:50  Hellion x2, Missile Turret  
  125  8:56  Hellion x2  
  125  9:01  Siege Tank  
  132  9:02  Terran Vehicle Weapons Level 1  
  132  9:04  Command Center  
  132  9:08  Terran Vehicle And Ship Armor Level 1  
  132  9:11  Siege Tank  
  132  9:14  Supply Depot  
  132  9:15  Supply Depot  
  135  9:21  Siege Tank  
  135  9:22  Hellion  
  140  9:25  Hellion  
  140  9:28  Supply Depot  
  140  9:29  Viking x2, Hellion x2, Supply Depot  
  148  9:36  Missile Turret  
  148  9:37  Missile Turret  
  146  9:58  Missile Turret  
  146  9:59  Siege Tank x2  
  141  10:04  Siege Tank  
  141  10:05  Hellion x4  
  141  10:06  Infernal Pre-Igniter  
  141  10:16  Smart Servos  
  141  10:18  Viking x2  
  145  10:26  Hellion, Command Center  
  147  10:31  Siege Tank x2  
  153  10:38  Command Center  
  153  10:49  Planetary Fortress  
  159  10:50  Refinery  
  159  10:51  Refinery  
  159  10:57  Sensor Tower, Viking  
  159  11:01  Viking  
  163  11:05  Thor  
  163  11:06  Hellion x3  
  169  11:29  Missile Turret  
  169  11:31  Command Center  
  159  11:52  SCV x2  
  127  12:03  Siege Tank x3  
  127  12:04  SCV x2, Hellion x4  
  127  12:06  Orbital Command  
  129  12:16  SCV  
  113  12:23  SCV  
  113  12:25  Hellion x2  
  113  12:29  SCV  
  112  12:32  SCV  
  112  12:35  Refinery, SCV, Siege Tank  
  116  12:38  Refinery  
  116  12:40  Refinery  
  116  12:41  SCV  
  116  12:42  Missile Turret  
  115  12:44  SCV  
  115  12:47  SCV  
  115  12:49  Hellion  
  115  12:50  Sensor Tower, Hellion x2  
  124  12:53  SCV  
  124  12:56  SCV  
  130  13:00  SCV  
  130  13:05  SCV  

Tags
 
Add a new tag
Caveats
  • Supply blocks, unpowered buildings, or Contaminate may cause inaccurate times.
  • Supply counts are checked every 10 seconds.